 Dungeon Crawl Stone Soup version 0.16-a0-783-gf476f6a (webtiles) character file.

206 Ratboiler the Poker (level 5, -4/34 HPs)
             Began as a Merfolk Skald on Sept 26, 2014.
             Was an Initiate of Ashenzari.
             Slain by an orc
             ... wielding a +2 short sword of flaming
              (7 damage)
             ... on Level 3 of the Dungeon.
             The game lasted 00:24:55 (4665 turns).

Ratboiler the Poker (Merfolk Skald)                 Turns: 4665, Time: 00:24:55

HP  -4/34        AC  6     Str 14      XL: 5   Next: 84%
MP   7/9         EV 11     Int 16      God: Ashenzari [......]
Gold 143         SH  0     Dex 15      Spells:  3 memorised,  2 levels left

rFire  . . .     SeeInvis .     e - +0 trident
rCold  . . .     Clarity  .     b - +0 leather armour
rNeg   + . .     rCorr    .     (no shield)
rPois  .         rRot     .     (no helmet)
rElec  .         Spirit   .     (no cloak)
SustAb .         Warding  .     r - +2 pair of gloves
rMut   .         Stasis   .     (no boots)
Gourm  .                        (no amulet)
MR     .....                    (no ring)
                                q - ring of positive energy

@: brilliant, infused, not resistant to hostile enchantments, very unstealthy
A: change form in water, swift swim, agile 1, frail 1, sense surroundings 1,
spit poison 1
a: Spit Poison, Renounce Religion


You were on level 3 of the Dungeon.
You worshipped Ashenzari.
Ashenzari was noncommittal.
You were not hungry.

You visited 1 branch of the dungeon, and saw 4 of its levels.

You collected 143 gold pieces.

Inventory:

Hand weapons
 a - a +0 spear
 e - a +0 trident (weapon)
Missiles
 f - 27 stones (quivered)
 g - 11 poisoned needles
 k - 7 needles of confusion
 t - 8 needles of frenzy
Armour
 b - a +0 leather armour (worn)
 r - a +2 pair of gloves (worn)
Comestibles
 d - 5 bread rations
 n - 3 fruits
Scrolls
 j - 2 scrolls of curse armour
 l - a scroll of enchant armour {unknown}
 p - a scroll of enchant weapon {unknown}
 v - a scroll of recharging {unknown}
 w - a scroll of curse jewellery
Jewellery
 q - a ring of positive energy (left hand)
Potions
 h - a potion of invisibility
 i - a potion of heal wounds {unknown}
 m - a potion of brilliance
 o - a potion of magic
 s - a potion of mutation
Books
 c - a book of Battle

   Spells                             Type                      Level
   *Infusion                          Charms                       1
   *Shroud of Golubria                Charms/Translocation         2
   Song of Slaying                    Charms                       2
   *Spectral Weapon                   Hexes/Charms                 3
   Regeneration                       Charms/Necromancy            3


   Skills:
 - Level 2.1 Fighting
 + Level 5.8 Polearms
 - Level 0.6 Armour
 - Level 1.3 Dodging
 - Level 2.0 Spellcasting
 - Level 3.1 Hexes
 - Level 4.3 Charms


You had 2 spell levels left.
You knew the following spells:

 Your Spells              Type           Power        Failure   Level  Hunger
a - Infusion              Chrm           ####..       1%          1    #......
b - Shroud of Golubria    Chrm/Tloc      ###.......   1%          2    ###....
c - Spectral Weapon       Hex/Chrm       ###.....     1%          3    ####...


Dungeon Overview and Level Annotations

Branches:
Dungeon (4/15)
 Temple: D:4-7

Altars:
Ashenzari
Yredelemnul
The Shining One

Annotations:
D:2 Sigmund


Innate Abilities, Weirdness & Mutations

You revert to your normal form in water.
You are very nimble and swift while swimming.
You are agile. (Dex +2)
You are frail (-10% HP).
You passively map a small area around you.
You can spit poison.


Message History

You barely miss the orc.
The orc is severely wounded.
The orc misses you. The orc wizard hits you with a dagger.
* * * LOW HITPOINT WARNING * * *
Drink which item? (? for menu, Esc to quit)
You feel clever all of a sudden.
It was a potion of brilliance.
The orc hits you with a short sword of flaming.
* * * LOW HITPOINT WARNING * * *
The orc burns you.
* * * LOW HITPOINT WARNING * * *
The orc wizard casts a spell.
The orc wizard seems to speed up.
Drink which item? (? for menu, Esc to quit)
You feel extremely strange.
You feel frail.
You feel agile.
You feel a strange attunement to the structure of the dungeons.
It was a potion of mutation.
The orc hits you with a short sword of flaming!
You die...

#################
###............o@.#
..............###o#
########## ....#########.#
#.# #........# ##### #.#
#.# #.######.# #.#
#.###.######.#
#)###.##.........##
#<.......#..###...### ##
#)##..##...#......... .#
######............##...###


You could see an orc wizard and an orc.

Vanquished Creatures
  2 orc wizards
  A worker ant (D:4)
  3 adders
  5 worms
  A giant gecko (D:2)
  12 orcs
  A ball python (D:1)
  5 hobgoblins
  6 jackals
  4 kobolds
  A quokka (D:2)
  A bat (D:3)
  7 giant cockroaches
  3 giant newts (D:2)
  10 goblins
  5 rats
67 creatures vanquished.

Vanquished Creatures (others)
  Jessica (D:2)
  A kobold (D:2)
2 creatures vanquished.

Grand Total: 69 creatures vanquished

Notes
Turn   | Place    | Note
--------------------------------------------------------------
     0 | D:1      | Ratboiler, the Merfolk Skald, began the quest for the Orb.
     0 | D:1      | Reached XP level 1. HP: 16/16 MP: 3/3
   260 | D:1      | Reached skill level 4 in Polearms
   260 | D:1      | Reached XP level 2. HP: 19/22 MP: 0/4
   301 | D:1      | Learned a level 2 spell: Shroud of Golubria
  1126 | D:1      | Reached XP level 3. HP: 27/27 MP: 6/6
  1153 | D:1      | Learned a level 3 spell: Spectral Weapon
  1253 | D:2      | Reached skill level 5 in Polearms
  1650 | D:2      | Noticed Jessica
  1773 | D:2      | Killed Jessica
  1901 | D:2      | Reached XP level 4. HP: 33/33 MP: 0/7
  2073 | D:2      | Noticed Sigmund
  2455 | D:3      | Gained mutation: You can spit poison. [potion of beneficial mutation]
  2499 | D:3      | Reached skill level 1 in Hexes
  3123 | D:3      | Reached XP level 5. HP: 13/38 MP: 3/9
  3462 | D:3      | Found a glowing golden altar of the Shining One.
  3463 | D:3      | Noticed an angel
  3467 | D:3      | Found a basalt altar of Yredelemnul.
  3638 | D:3      | Found a shattered altar of Ashenzari.
  3786 | D:3      | Became a worshipper of Ashenzari the Shackled
  4031 | D:3      | Noticed a profane servitor
  4665 | D:3      | Gained mutation: You are frail (-10% HP). [potion of mutation]
  4665 | D:3      | Gained mutation: You are agile. (Dex +2) [potion of mutation]
  4665 | D:3      | Gained mutation: You passively map a small area around you. [potion of mutation]
  4665 | D:3      | Slain by an orc

Action                   |  1- 3 |  4- 6 || total
-------------------------+-------+-------++-------
Melee: Spear             |   167 |    50 ||   217
       Trident           |       |    77 ||    77
Throw: Stone             |     3 |     6 ||     9
 Cast: Infusion          |    15 |    16 ||    31
       Shroud of Golubri |     1 |       ||     1
       Spectral Weapon   |       |     2 ||     2
  Use: Scroll            |       |     4 ||     4
       Potion            |       |     3 ||     3
 Stab: Sleeping          |     1 |     1 ||     2
  Eat: Chunk             |     3 |     6 ||     9
       Fruit             |       |     3 ||     3
       Pizza             |       |     1 ||     1
